cohdb
Replays
Latest Replays
All Replays
Popular Replays
Top Player Replays
Match Explorer
How It Works
Community
CoH3 Stats
Reddit
Sign in to upload your games and track your stats! →
Sign in with Steam
Match 39865934
Unlisted
Match 39865934
Overview
Messages
Build Orders
End
Kettenkrad Recon Vehicle
Construct Infanterie Kompanie
Grenadier Squad
MG 42 Machine Gun Team
Grenadier Squad
Selects Terror Battlegroup
GrW 34 Mortar Team
Construct Luftwaffe Kompanie
Jäger Squad
Selects Machine Gun Camouflage
Selects Contempt for the Weak
Construct Panzergrenadier Kompanie
Support Elements
Nebelwerfer 42 Rocket Launcher Team
Nebelwerfer 42 Rocket Launcher Team
BATTLEDANNY1
Fhilly
Lelouch
CPU - Easy
Definitely a Wizard
Sgannarel
Agua de Jamaica
Definitely not a Pineapple
0
0
Comments
sign in to comment!
No comments posted yet!